 Dungeon Crawl Stone Soup version 0.27.0-1-g7a089689b8 (webtiles) character file.

Game seed: 15159778029439661804

51 Leeroy the Slasher (level 4, -1/33 HPs)
             Began as a Djinni Warper on Aug 6, 2021.
             Slain by Terence (4 damage)
             ... in the Ecumenical Temple.
             The game lasted 00:06:06 (1858 turns).

Leeroy the Slasher (Djinni Warper)                  Turns: 1858, Time: 00:06:06

Health: -1/33      AC:  4    Str: 16    XL:     4   Next: 7%
Gold:   54         EV: 12    Int: 16    God:
                   SH:  0    Dex: 12

rFire    + + .     SeeInvis .   a - +0 falchion
rCold    x . .     Faith    .   (no shield)
rNeg     . . .     Spirit   .   b - +0 leather armour
rPois    ∞         Reflect  .   k - +0 helmet
rElec    .         Harm     .   (no cloak)
rCorr    .         Rampage  .   (no gloves)
Will     .....                  (boots unavailable)
Stlth    +.........             (no amulet)
HPRegen  0.11/turn              h - +6 ring of strength
MPRegen  0.00/turn              (no ring)

@: flying
A: sickness immunity, fire resistance 2, cold vulnerability 1, float, innate
caster, hp casting, extra vitality 1
a: no special abilities


You were in the Ecumenical Temple.
You visited 2 branches of the dungeon, and saw 6 of its levels.

You collected 54 gold pieces.

Inventory:

Hand Weapons
 a - a +0 falchion (weapon)
Missiles
 d - 5 boomerangs of dispersal
 g - 16 poisoned darts (quivered)
Armour
 b - a +0 leather armour (worn)
 k - a +0 helmet (worn)
Jewellery
 h - a +6 ring of strength (left hand)
Scrolls
 e - a scroll of fog {unknown}
 f - 2 scrolls of amnesia {unknown}
 i - 2 scrolls of enchant weapon {unknown}
Potions
 c - a potion of heal wounds {unknown}
 j - a potion of cancellation {unknown}


   Skills:
 - Level 2.0 Fighting
 + Level 3.6 Long Blades
 - Level 0.7 Throwing
 - Level 1.0 Armour
 - Level 2.1 Dodging
 - Level 2.4 Spellcasting


You couldn't memorise any spells.
You knew the following spells:

 Your Spells              Type           Power      Damage    Failure   Level
a - Blink                 Tloc           N/A        N/A       14%         2
b - Lesser Beckoning      Tloc           4%         N/A       26%         3
c - Gell's Gravitas       Tloc           4%         N/A       26%         3
d - Teleport Other        Tloc           9%         N/A       26%         3
e - Manifold Assault      Tloc           9%         N/A       94%         5
f - Pain                  Necr           36%        1d5       9%          1
Your spell library was empty.

Dungeon Overview and Level Annotations

Branches:
Dungeon (5/15)             Temple (1/1) D:4

Altars:
Cheibriados
Kikubaaqudgha
Nemelex Xobeh
Okawaru
Qazlal
Ru
Sif Muna
Vehumet
Wu Jian
Xom
Zin

Shops:
D:4 :   D:5 !**

Annotations:
D:2 Robin
D:5 Grinder
Temple Terence


Innate Abilities, Weirdness & Mutations

You are immune to sickness and miasma.
You are immune to poison.
Your flesh is very heat resistant. (rF++)
You are vulnerable to cold. (rC-)
You float through the air rather than walking.
You learn spells naturally, not from books.
Your magical power is your life essence.
You have superior vitality. (+4 HP)


Message History

Terence shouts, "ATTACK!!!"
Your magical contamination has completely faded away.
Throw: 20 darts (poison)
Press: ? - help, Q - select action, (/) - cycle Shift-Dir - straight line, f - Terence
Aim: Terence, wielding a +0 short sword and wearing a +0 scale mail (moderately wounded, 61% to hit)
You throw a poisoned dart. The poisoned dart hits Terence.
Terence is poisoned.
Terence is moderately wounded.
Throw: 19 darts (poison)
Press: ? - help, Q - select action, (/) - cycle Shift-Dir - straight line, f/p - Terence
Aim: Terence, wielding a +0 short sword and wearing a +0 scale mail (moderately wounded, poisoned, 61% to hit)
You throw a poisoned dart.
The poisoned dart closely misses Terence.
You barely miss Terence.
Terence is moderately wounded.
Terence hits you with a +0 short sword!
* * * LOW HITPOINT WARNING * * *
Terence looks more healthy.
There is a stormy altar of Qazlal here.
Throw: 18 darts (poison)
Press: ? - help, Q - select action, (/) - cycle Shift-Dir - straight line, f/p - Terence
Aim: Terence, wielding a +0 short sword and wearing a +0 scale mail (heavily wounded, 61% to hit)
You throw a poisoned dart.
The poisoned dart barely misses Terence.
Terence hits you with a +0 short sword.
* * * LOW HITPOINT WARNING * * *
Casting: Blink (safe; 14% risk of failure)
Confirm with . or Enter, or press ? or * to list all spells.
You blink.
* * * LOW HITPOINT WARNING * * *
Throw: 17 darts (poison)
Press: ? - help, Q - select action, (/) - cycle Shift-Dir - straight line, f/p - Terence
Aim: Terence, wielding a +0 short sword and wearing a +0 scale mail (heavily wounded, 61% to hit)
You throw a poisoned dart.
The poisoned dart closely misses Terence.
Casting: Blink (safe; 14% risk of failure)
Confirm with . or Enter, or press ? or * to list all spells.
You blink.
* * * LOW HITPOINT WARNING * * *
Terence hits you with a +0 short sword.
You die...

######### #####
###.....(.### ###....
##..._..._...###...⌠..
#.............#.......
##...........###......
##...._.....(.(...(.<
##...@.......###......
#....@........#.......
##...§..._...###...⌠..
###.......### ###....
######### #####


You could see Terence.

Vanquished Creatures
  2 adders
  A shadow imp (D:5)
  An ufetubus (D:5)
  A worm (D:5)
  A dart slug (D:3)
  2 endoplasms
  A hobgoblin (D:2)
  A quokka (D:4)
  A bat (D:2)
  2 frilled lizards
  4 goblins
17 creatures vanquished.

Notes
Turn   | Place    | Note
-------+----------+-------------------------------------------
     0 | D:1      | Leeroy the Djinni Warper began the quest for the Orb.
     0 | D:1      | Reached XP level 1. HP: 18/18 MP: 0/0
   163 | D:1      | Reached skill level 2 in Long Blades
   210 | D:1      | You are sucked into a shaft and drop 1 floor!
   210 | D:2      | Found a faded altar of an unknown god.
   218 | D:2      | Became a worshipper of Ru the Awakened
   221 | D:2      | Fell from the grace of Ru
   348 | D:2      | Noticed Robin
   351 | D:2      | Reached XP level 2. HP: 22/23 MP: 0/0
   382 | D:3      | Noticed Terence
   408 | D:4      | Found Uveot's Book Emporium.
   516 | D:4      | Found a staircase to the Ecumenical Temple.
   518 | D:5      | Entered Level 5 of the Dungeon
   518 | D:5      | Found Ureysuerch's Assorted Antiques.
   790 | D:5      | Found Wioddesisk's Assorted Antiques.
   813 | D:5      | Reached skill level 3 in Long Blades
   813 | D:5      | Reached XP level 3. HP: 11/28 MP: 0/0
   813 | D:5      | Learned a level 1 spell: Pain
  1125 | D:5      | Found Detwaoj's Distillery.
  1127 | D:5      | Got the Grimoire of Supportive Beguiling
  1359 | D:5      | Noticed Grinder
  1585 | Temple   | Entered the Ecumenical Temple
  1598 | Temple   | Reached XP level 4. HP: 20/33 MP: 0/0
  1858 | Temple   | Slain by Terence

Illustrated notes

Levels and vault maps discovered:
D:1:      wander_arrival_lonely_grave, layout_basic
D:2:      layout_basic, ebering_ecumenical_altar_box, minmay_pentomino_u4,
          uniq_robin
D:3:      kennysheep_slugbush, layout_rooms, dancing_weapons_uskayaw,
          mainiacjoe_overflow_paths, hangedman_decor_diamond_cutter,
          uniq_terence
D:4:      layout_basic, minmay_temple_entry_statues, serial_shops,
          nicolae_stop_n_shop_1, nicolae_diamond_shop,
          nicolae_shop_behind_doors, nicolae_stop_n_shop_2,
          nicolae_shop_self_help, uniq_blork_the_orc
D:5:      layout_loops_ring, nicolae_dithmenos_the_darkroom, serial_shops,
          nicolae_shop_crystal, shop, shop, nicolae_shop_window_shopping,
          nicolae_sextant, minmay_misc_feat_secret_circle, uniq_menkaure,
          uniq_grinder
Temple:   zaba_magenta_temple

Skill      XL: |  1  2 |
---------------+-------+-----
Long Blades    | 2 3 |  3.6
Fighting       | |  2.0
Throwing       | |  0.7
Armour         | |  1.0
Dodging        | |  2.1
Spellcasting   | |  2.4

Action                   |  1- 3 |  4- 6 || total
-------------------------+-------+-------++-------
Melee: Falchion          |    86 |     4 ||    90
Throw: Dart              |       |     4 ||     4
 Cast: Blink             |       |     3 ||     3
Invok: Renounce Religion |     1 |       ||     1
  Use: Scroll            |     1 |       ||     1
Armor: Leather armour    |    32 |     1 ||    33
Dodge: Dodged            |    54 |     3 ||    57
       Rpst.: Falchion   |    15 |     1 ||    16
